[Event "January 9 Early 2024"]
[Site "https://www.chess.com"]
[Date "2024.01.11"]
[Round "7"]
[White "Klukin, Kirill"]
[Black "Jakubowski, Krzysztof"]
[Result "1-0"]
[Board "239"]
[TimeControl "180+1"]
[WhiteFideId "24199273"]
[BlackFideId "1112848"]
[WhiteElo "2828"]
[BlackElo "2672"]
[WhiteTeam "RUS"]
[BlackTeam "POL"]
[WhiteClock "0:00:03"]
[BlackClock "0:00:01"]

1. Nf3 Nf6 2. g3 d5 3. Bg2 Bg4 4. O-O Nbd7 5. b3 e5 6. d3 Bd6 7. Bb2 O-O 8. Nbd2 Re8 9. h3 Bxf3 10. Nxf3 a5 11. c4 d4 12. Nd2 c6 13. a3 Bf8 14. Rb1 Qc7 15. Bc1 Nc5 16. Qc2 Ra7 17. Nf3 h6 18. Bd2 Ncd7 19. b4 axb4 20. axb4 Rea8 21. Rb2 Ra3 22. Rfb1 Qd8 23. Ne1 Qb8 24. Qd1 Nb6 25. Nc2 R3a7 26. e3 Na4 27. Rb3 Qd8 28. exd4 exd4 29. Ra1 Ne8 30. Rba3 Nc7 31. Nxd4 Nb2 32. Qb3 Rxa3 33. Rxa3 Rxa3 34. Qxa3 Qxd4 35. Bc3 Qxd3 36. Qxb2 Qxc4 37. Bf1 Qe4 38. Bg2 Qd3 39. Be5 Nd5 40. b5 Qd1+ 41. Kh2 Qe1 42. bxc6 bxc6 43. Bd4 Qe6 44. Qc2 h5 45. h4 Bd6 46. Kg1 Ne7 47. Bc3 Be5 48. Bd2 Bf6 49. Bf4 g6 50. Kh2 Kg7 51. Be3 Qd6 52. Qb3 Nd5 53. Bc1 Bxh4 54. Bb2+ Bf6 55. Bc1 Qe6 56. Qc2 h4 57. gxh4 Qe5+ 58. Kh3 Qh5 59. Qe4 Ba1 60. Bf3 Qe5 61. Qg4 1-0

[Event "January 9 Early 2024"]
[Site "https://www.chess.com"]
[Date "2024.01.11"]
[Round "7"]
[White "Niemann, Hans Moke"]
[Black "Sanal, Vahap"]
[Result "1/2-1/2"]
[Board "240"]
[TimeControl "180+1"]
[WhiteFideId "2093596"]
[BlackFideId "6300545"]
[WhiteElo "3064"]
[BlackElo "2936"]
[WhiteTeam "USA"]
[BlackTeam "TUR"]
[WhiteClock "0:00:14"]
[BlackClock "0:00:15"]

1. e4 d6 2. d4 Nf6 3. Nc3 e5 4. Nf3 Nbd7 5. Bc4 Be7 6. O-O O-O 7. a4 c6 8. Re1 h6 9. h3 Re8 10. Ba2 exd4 11. Nxd4 Bf8 12. Bf4 Nc5 13. f3 Ne6 14. Be3 Nxd4 15. Bxd4 Be6 16. Bxe6 Rxe6 17. a5 d5 18. e5 c5 19. Bf2 d4 20. exf6 dxc3 21. fxg7 Bxg7 22. b3 Rd6 23. Qe2 Rd2 24. Qe4 Qg5 25. f4 Qg6 26. f5 Qc6 27. Qg4 Rxc2 28. Re7 Rd2 29. Rc1 Qf6 30. Re3 c2 31. Ree1 Rad8 32. Be3 Rd1 33. Rexd1 cxd1=Q+ 34. Rxd1 Rxd1+ 35. Qxd1 Qxf5 36. Qd6 Qb1+ 37. Kh2 Qxb3 38. Qxc5 Qe6 39. Bf4 a6 40. Bg3 Kh7 41. Qc2+ Qg6 42. Qc7 Qf5 43. Qxb7 Qxa5 44. Qxf7 Qa1 45. Qf5+ Kh8 46. Qc8+ Kh7 47. Qf5+ Kh8 48. Bf4 Qf6 49. Qxf6 Bxf6 50. Bxh6 a5 51. Bc1 a4 52. Ba3 Kg7 53. Kg3 Kf7 54. Kf3 Be7 55. Bc1 a3 56. Bxa3 Bxa3 57. Kg4 Be7 58. h4 Bd8 59. h5 Be7 60. Kf5 Kg7 61. g4 Kh6 62. Ke6 Bg5 63. Kf5 Bc1 64. Ke4 Bg5 65. Kf3 Bd8 66. Kg3 Bg5 67. Kf3 Bd8 68. Ke4 Bg5 69. Kf5 Bh4 70. Kf4 Bg5+ 71. Kf3 1/2-1/2

[Event "January 9 Early 2024"]
[Site "https://www.chess.com"]
[Date "2024.01.11"]
[Round "7"]
[White "Cieslak, Patryk"]
[Black "Sethuraman, S.P."]
[Result "0-1"]
[Board "241"]
[TimeControl "180+1"]
[WhiteFideId "21078882"]
[BlackFideId "5021596"]
[WhiteElo "2693"]
[BlackElo "2879"]
[WhiteTeam "POL"]
[BlackTeam "IND"]
[WhiteClock "0:00:08"]
[BlackClock "0:00:08"]

1. e4 c5 2. Nf3 d6 3. d4 cxd4 4. Nxd4 Nf6 5. Nc3 a6 6. Bc4 e6 7. Be3 Be7 8. Bb3 b5 9. Qf3 Bb7 10. Bxe6 fxe6 11. Nxe6 Qd7 12. Nxg7+ Kf7 13. Nf5 Nc6 14. O-O-O Ne5 15. Qf4 Qe6 16. Nxe7 Kxe7 17. f3 Rac8 18. Qh4 Kf7 19. Bd4 b4 20. Bxe5 dxe5 21. Nd5 Bxd5 22. exd5 Qf5 23. Rd2 a5 24. d6 Rhd8 25. Qf2 Rd7 26. Rhd1 a4 27. g4 Qf4 28. Qg3 Qxg3 29. hxg3 b3 30. Kb1 bxc2+ 31. Rxc2 Rxc2 32. Kxc2 Ke6 33. Rh1 e4 34. g5 Ne8 35. Rh6+ Ke5 36. fxe4 Nxd6 37. b3 a3 38. b4 Nxe4 39. g6 hxg6 40. Rxg6 Rd2+ 41. Kb3 Rd3+ 42. Ka4 Nd2 43. Rg8 Nc4 44. Re8+ Kf5 45. b5 Nb2+ 46. Kb4 Rd4+ 47. Kc5 Rc4+ 48. Kd5 Rb4 49. Kc6 Nc4 50. Kc5 Ra4 51. Re2 Nb2 52. Rc2 Nd3+ 53. Kc6 Nb4+ 54. Kc5 Nxc2 55. b6 Rb4 56. b7 Rxb7 57. Kc4 Rb2 58. Kc3 Rxa2 59. Kb3 Rb2+ 60. Kc3 Kg4 0-1

[Event "January 9 Early 2024"]
[Site "https://www.chess.com"]
[Date "2024.01.11"]
[Round "7"]
[White "Rustemov, Alexander"]
[Black "Volkov, Maksim"]
[Result "1-0"]
[Board "242"]
[TimeControl "180+1"]
[WhiteFideId "4119002"]
[BlackFideId "54123070"]
[WhiteElo "2812"]
[BlackElo "2658"]
[WhiteTeam "RUS"]
[BlackTeam "RUS"]
[WhiteClock "0:00:19"]
[BlackClock "0:00:02"]

1. d4 Nf6 2. c4 e6 3. Nf3 d5 4. Nc3 c5 5. cxd5 cxd4 6. Qxd4 exd5 7. Bg5 Be7 8. e3 O-O 9. Be2 h6 10. Bh4 Nc6 11. Qd3 Be6 12. O-O a6 13. Rfd1 Qb6 14. a3 Rfd8 15. b4 Rac8 16. Rac1 Qa7 17. h3 b5 18. Qb1 d4 19. exd4 Nxd4 20. Nxd4 Rxd4 21. Bg3 Rxd1+ 22. Nxd1 Bf8 23. Rxc8 Bxc8 24. Qd3 Qb6 25. Nc3 Bb7 26. Be5 Qe6 27. Bd4 Nd5 28. Nxd5 Bxd5 29. Qe3 Qc6 30. f3 Be6 31. Kf2 Qc2 32. Qc3 Qa2 33. Qb2 Qd5 34. Be3 Bd6 35. Qd4 Qc6 36. Qb6 Qxb6 37. Bxb6 Be5 38. Ke3 Bb2 39. Bd4 Bxa3 40. Bc3 Bc1+ 41. Kd4 Kf8 42. Kc5 Be3+ 43. Kc6 Ke7 44. Kb7 Kd6 45. Kxa6 Bd7 46. Bxb5 Bc8+ 47. Ka5 g5 48. Bc4 f5 49. Ka4 g4 50. fxg4 fxg4 51. Bf1 gxh3 52. gxh3 h5 53. Kb3 Be6+ 54. Ka4 Bd7+ 55. b5 Kc5 56. Bb4+ Kb6 57. Be7 Bf2 58. Kb4 Be1+ 59. Ka4 Bd2 60. Bd8+ Ka7 61. h4 Be3 62. Be2 Be8 63. Ka5 Bd2+ 64. Ka4 Be1 65. Kb3 Bf2 66. Kc4 Bf7+ 67. Kd3 Be8 68. Ke4 Kb7 69. Kf5 1-0

[Event "January 9 Early 2024"]
[Site "https://www.chess.com"]
[Date "2024.01.11"]
[Round "7"]
[White "Chu, Wei Chao"]
[Black "Hambleton, Aman"]
[Result "1-0"]
[Board "243"]
[TimeControl "180+1"]
[WhiteFideId "8605661"]
[BlackFideId "2606577"]
[WhiteElo "2624"]
[BlackElo "2755"]
[WhiteTeam "CHN"]
[BlackTeam "CAN"]
[WhiteClock "0:00:05"]
[BlackClock "0:00:02"]

1. d4 e5 2. dxe5 Nc6 3. Nf3 Qe7 4. Nc3 Nxe5 5. Nd5 Nxf3+ 6. gxf3 Qd8 7. e4 d6 8. Be3 Nf6 9. Bc4 c6 10. Nxf6+ Qxf6 11. Bd4 Qf4 12. Qe2 Be6 13. Bb3 h5 14. h4 Rg8 15. Be3 Qe5 16. O-O-O Bxb3 17. axb3 Be7 18. Kb1 a6 19. Rd4 O-O-O 20. f4 Qb5 21. Qd2 d5 22. e5 g6 23. Rd1 Rge8 24. f3 Bc5 25. Rd3 Bb4 26. Qf2 Be7 27. Qg3 Kb8 28. f5 Ka8 29. fxg6 fxg6 30. Qxg6 Bxh4 31. f4 Rg8 32. Qxh5 Rh8 33. Qg4 Rdg8 34. Qd7 Rd8 35. Qg4 Rdg8 36. Qf3 Be7 37. f5 Rf8 38. f6 Bd8 39. Bg5 Rhg8 40. Qf5 Qc5 41. Rf1 a5 42. e6 Qd6 43. Re3 Bb6 44. Re2 a4 45. bxa4 Qb4 46. e7 Bd4 47. c3 Bxc3 48. exf8=Q+ Rxf8 49. f7 Qc4 50. Qc2 Bb4 51. Qxc4 dxc4 52. Re8+ Ka7 53. Rxf8 Bxf8 54. Re1 Bb4 55. Re8 Ka6 56. Be3 b6 57. f8=Q Bxf8 58. Rxf8 Ka5 59. Rf6 c5 60. Re6 Kxa4 61. Rxb6 c3 62. bxc3 Ka3 63. Bxc5+ Ka4 64. Rb8 Ka5 65. Be3 1-0

[Event "January 9 Early 2024"]
[Site "https://www.chess.com"]
[Date "2024.01.11"]
[Round "7"]
[White "Panda Sambit"]
[Black "Bologan, Victor"]
[Result "0-1"]
[Board "244"]
[TimeControl "180+1"]
[WhiteFideId "25091794"]
[BlackFideId "13900048"]
[WhiteElo "2572"]
[BlackElo "2781"]
[WhiteTeam "IND"]
[BlackTeam "MDA"]
[WhiteClock "0:00:09"]
[BlackClock "0:00:08"]

1. d4 Nf6 2. c4 c5 3. d5 b5 4. Qc2 b4 5. e4 d6 6. b3 g6 7. Bb2 Bg7 8. f4 O-O 9. Nd2 a5 10. Ngf3 a4 11. Rd1 axb3 12. axb3 Ra2 13. Rb1 Ng4 14. Ke2 e5 15. h3 Nf6 16. fxe5 Nh5 17. Kf2 dxe5 18. Bd3 f5 19. Rhe1 fxe4 20. Bxe4 Bxh3 21. gxh3 Qh4+ 22. Ke2 Qxh3 23. Kd1 Ng3 24. Qd3 Nd7 25. Kc2 Nf6 26. Ng5 Qg4 27. Ne6 Nfxe4 28. Nxe4 Rf3 29. Re3 Rxe3 30. Qxe3 Nxe4 31. Nxg7 Qg2+ 32. Kd3 Nf2+ 33. Kd2 Ng4+ 34. Qe2 Qxe2+ 35. Kxe2 Kxg7 36. Kf3 h5 37. Ke4 h4 38. d6 Kf7 39. Kd5 h3 40. Rf1+ Ke8 41. Ke6 Ra6 42. Bxe5 Nxe5 43. Kxe5 h2 44. Rh1 Ra2 45. Kd5 g5 46. Kxc5 Kd7 47. Kd5 g4 48. c5 g3 49. c6+ Kd8 50. Re1 Rd2+ 51. Kc5 Rc2+ 52. Kb6 g2 53. d7 g1=Q+ 54. Rxg1 hxg1=Q+ 55. Kb7 Rxc6 56. Kxc6 Qg2+ 57. Kb5 Qg4 58. Ka4 Qxd7+ 59. Ka5 Kc7 60. Kxb4 Qd4+ 61. Kb5 Kb7 62. b4 Qb6+ 63. Ka4 Kc6 64. Kb3 Qb5 65. Kc2 Kd5 66. Kd2 Kd4 0-1

[Event "January 9 Early 2024"]
[Site "https://www.chess.com"]
[Date "2024.01.11"]
[Round "7"]
[White "Ozer, Omer Faruk"]
[Black "Kochiev, Ivan"]
[Result "1-0"]
[Board "245"]
[TimeControl "180+1"]
[WhiteFideId "6354564"]
[BlackFideId "2917890"]
[WhiteElo "2765"]
[BlackElo "2578"]
[WhiteTeam "TUR"]
[BlackTeam "BUL"]
[WhiteClock "0:00:03"]
[BlackClock "0:00:03"]

1. d4 Nf6 2. Nf3 e6 3. Bg5 c5 4. e3 d5 5. Nbd2 Nbd7 6. c3 Bd6 7. Bd3 e5 8. dxe5 Nxe5 9. Nxe5 Bxe5 10. Nf3 Bc7 11. O-O O-O 12. Bc2 Be6 13. Qd3 g6 14. Qb5 b6 15. Qa4 Kg7 16. Qh4 h5 17. Rad1 Qe7 18. Ne1 Bd8 19. Nd3 Qd7 20. Nf4 Bf5 21. Bb3 Be6 22. Bxf6+ Bxf6 23. Qg3 Bg4 24. Rxd5 h4 25. Rxd7 hxg3 26. Rb7 gxf2+ 27. Rxf2 Rad8 28. h3 Bc8 29. Rxa7 Rde8 30. Nd5 Bg5 31. Kh2 Be6 32. Nc7 Bxe3 33. Nxe6+ Rxe6 34. Bxe6 Bxf2 35. Bd5 Be3 36. c4 Bd4 37. b3 g5 38. Rb7 Kg6 39. Rxb6+ f6 40. g4 Re8 41. Rb7 Re2+ 42. Kg3 Re3+ 43. Kg2 Re2+ 44. Kg3 Rxa2 45. Bf7+ Kg7 46. Be6+ Kf8 47. Kf3 Rh2 48. Ke4 Rxh3 49. Kf5 Re3 50. Bd5 Re5+ 51. Kg6 Re7 52. Rb8+ Re8 53. Rb6 Re7 54. Ra6 Rg7+ 55. Kf5 Re7 56. Ra8+ Re8 57. Ra7 Re5+ 58. Kg6 Re7 59. Ra2 Re3 60. Rh2 Rxb3 61. Rh7 Rg3 62. Be6 Re3 63. Bd7 Re5 64. Rf7+ Kg8 65. Rxf6 Re7 66. Be6+ Rxe6 67. Rxe6 Kf8 68. Kxg5 Kf7 69. Kf5 1-0

[Event "January 9 Early 2024"]
[Site "https://www.chess.com"]
[Date "2024.01.11"]
[Round "7"]
[White "Bluebaum, Matthias"]
[Black "Navara, David"]
[Result "0-1"]
[Board "246"]
[TimeControl "180+1"]
[WhiteFideId "24651516"]
[BlackFideId "309095"]
[WhiteElo "3081"]
[BlackElo "3013"]
[WhiteTeam "GER"]
[BlackTeam "CZE"]
[WhiteClock "0:00:02"]
[BlackClock "0:00:07"]

1. d4 Nf6 2. c4 g6 3. Nc3 d5 4. cxd5 Nxd5 5. e4 Nxc3 6. bxc3 Bg7 7. Nf3 c5 8. Bb5+ Nc6 9. O-O O-O 10. Bxc6 bxc6 11. Qc2 cxd4 12. cxd4 Bg4 13. Ne5 Qxd4 14. Bb2 Qb6 15. Rab1 Bxe5 16. Bxe5 Qa6 17. Rfc1 f6 18. Bd4 Be6 19. a4 Rfb8 20. h4 Kf7 21. Rxb8 Rxb8 22. Qxc6 Qxc6 23. Rxc6 Rb1+ 24. Kh2 Rb4 25. Bxa7 Rxa4 26. Rc7 Rxe4 27. Bc5 Bd5 28. f3 Re2 29. Kg1 h6 30. Kf1 Re6 31. Kf2 g5 32. hxg5 hxg5 33. Bb4 f5 34. Ba3 Kf6 35. Bb2+ Kg6 36. Ba3 Ra6 37. Bxe7 Ra2+ 38. Kg1 g4 39. Bd6 gxf3 40. gxf3 Bxf3 41. Bf4 Kh5 42. Rg7 Kh4 43. Kf1 Ra4 44. Bg3+ Kh3 45. Kf2 Bh5 46. Bd6 f4 47. Bxf4 Rxf4+ 48. Ke3 Ra4 49. Rg1 Bg4 50. Rh1+ Kg2 51. Rh8 Kg3 52. Rg8 Ra7 53. Ke4 Re7+ 54. Kd4 Kf4 55. Rh8 Rd7+ 56. Kc4 Ke5 57. Rh4 Bf5 58. Rh5 Rc7+ 59. Kb5 Rc1 60. Rg5 Ke4 61. Rh5 Bd7+ 62. Kb4 Kd4 63. Rh4+ Kd3 64. Rh5 Be6 65. Rc5 Rb1+ 66. Ka5 Bc4 67. Rh5 Kd4 68. Rg5 Bd5 69. Ka6 Kc5 70. Ka7 Rb7+ 71. Ka6 Rf7 72. Rh5 Rg7 73. Rf5 Rg8 74. Ka7 Ra8# 0-1

[Event "January 9 Early 2024"]
[Site "https://www.chess.com"]
[Date "2024.01.11"]
[Round "7"]
[White "Goltseva, Ekaterina"]
[Black "Mabusela, Johannes Manyedi"]
[Result "0-1"]
[Board "247"]
[TimeControl "180+1"]
[WhiteFideId "24173770"]
[BlackFideId "14300702"]
[WhiteElo "2586"]
[BlackElo "2420"]
[WhiteTeam "RUS"]
[BlackTeam "RSA"]
[WhiteClock "0:00:03"]
[BlackClock "0:00:09"]

1. e4 e6 2. d4 d5 3. exd5 exd5 4. Bd3 Nf6 5. Nf3 Bd6 6. Bg5 O-O 7. O-O Bg4 8. h3 Bh5 9. g3 Nbd7 10. g4 Bg6 11. Nc3 c6 12. Ne2 Qc7 13. Bh4 Ne4 14. c4 f5 15. g5 dxc4 16. Bxc4+ Bf7 17. Bxf7+ Rxf7 18. Nc3 Nb6 19. Qb3 Kh8 20. Rac1 Qd7 21. Ne5 Bxe5 22. dxe5 Nd2 23. e6 Nxb3 24. exd7 Nxc1 25. d8=Q+ Rxd8 26. g6 hxg6 27. Bxd8 Nd3 28. b3 Rd7 29. Bg5 Ne5 30. Kg2 Rd3 31. Re1 Nf3 32. Re3 Rxc3 33. Kxf3 Rxe3+ 34. Bxe3 Kg8 35. a4 Kf7 36. a5 Nc8 37. Kf4 Ke6 38. Kg5 Kf7 39. Bd4 b6 40. a6 c5 41. Be5 Ne7 42. Bb8 Nc6 43. Bc7 Nb4 44. Bxb6 Nxa6 45. Bxa7 Nc7 46. Bb6 Ne6+ 47. Kh4 Kf6 48. Kg3 Ke5 49. Kf3 Nd4+ 50. Ke3 Nxb3 51. Kd3 Kd5 52. Bd8 Nd4 53. Bc7 Ne6 54. Bb8 g5 55. Kc3 Nf4 56. Ba7 Nxh3 57. Kd3 Nxf2+ 58. Ke3 Ne4 59. Kf3 g4+ 60. Ke3 c4 61. Kf4 c3 62. Kxf5 c2 63. Be3 Nc3 64. Kxg4 Ke4 65. Bd2 Nb1 66. Bc1 Kd3 67. Kg5 Ke2 68. Kg6 Kd1 69. Bb2 Nd2 70. Kxg7 Nc4 0-1

[Event "January 9 Early 2024"]
[Site "https://www.chess.com"]
[Date "2024.01.11"]
[Round "7"]
[White "Laddha, Shubh Jayesh"]
[Black "Marchesich, Giovanni"]
[Result "1-0"]
[Board "248"]
[TimeControl "180+1"]
[WhiteFideId "30942799"]
[BlackFideId "2824790"]
[WhiteElo "2567"]
[BlackElo "2382"]
[WhiteTeam "USA"]
[BlackTeam "ITA"]
[WhiteClock "0:00:04"]
[BlackClock "0:00:01"]

1. Nf3 g6 2. c4 Bg7 3. g3 d6 4. Bg2 Bd7 5. O-O Qc8 6. Re1 c5 7. d4 Nc6 8. d5 Nd4 9. Nc3 Nxf3+ 10. Bxf3 Nf6 11. e4 O-O 12. Bf4 Ng4 13. Bg2 Bd4 14. Re2 Ne5 15. Qb3 Bg4 16. Rd2 Nf3+ 17. Bxf3 Bxf3 18. Nb5 Bxe4 19. Nxd4 cxd4 20. Rxd4 Bf5 21. Re1 Re8 22. Rd2 Qc7 23. Qc3 Rac8 24. Bh6 f6 25. b3 b5 26. Rde2 Kf7 27. Qf3 Qd7 28. Qf4 bxc4 29. bxc4 Bd3 30. Re6 Bxc4 31. Qe4 Rc5 32. Rd1 Bxd5 33. Rxd5 Rxd5 34. Rxf6+ exf6 35. Qxd5+ Qe6 36. Qb7+ Re7 37. Qb8 Qe1+ 38. Kg2 Qe4+ 39. Kg1 Qb7 40. Qf8+ Ke6 41. Qg8+ Kd7 42. Bd2 Qb1+ 43. Kg2 Qe4+ 44. Kg1 Qe6 45. Qb8 Kc6 46. Qa8+ Kb5 47. Qb8+ Kc4 48. Qb4+ Kd5 49. Qb5+ Kd4 50. Qb4+ Kd3 51. Qc3+ Ke2 52. Be3 Qe5 53. Qd2+ Kf3 54. Qd1+ Ke4 55. Qc2+ Kd5 56. Qb3+ Kc6 57. Qa4+ Kd5 58. Qb5+ Ke6 59. Qc4+ Qd5 60. Qg4+ Kf7 61. Qh4 Kg8 62. Qxf6 Qf7 63. Qd4 Qe6 64. Qa4 Qe5 65. Qc6 Rf7 66. Kg2 Qe7 67. Qd5 Qf6 68. Kg1 Qe7 69. Bd4 Qe8 70. Bb2 Qe7 71. Qd4 1-0

[Event "January 9 Early 2024"]
[Site "https://www.chess.com"]
[Date "2024.01.11"]
[Round "7"]
[White "Skaric, Djuro"]
[Black "Sahin, Sarp"]
[Result "1-0"]
[Board "249"]
[TimeControl "180+1"]
[WhiteFideId "934569"]
[BlackFideId "51605066"]
[WhiteElo "2304"]
[BlackElo "2424"]
[WhiteTeam "SRB"]
[BlackTeam "TUR"]
[WhiteClock "0:00:06"]
[BlackClock "0:00:01"]

1. g3 d5 2. Bg2 Nf6 3. d3 Bf5 4. Nf3 e6 5. O-O h6 6. Nc3 Be7 7. h3 O-O 8. Kh2 c5 9. Ne5 Bh7 10. e4 Nc6 11. f4 d4 12. Nxc6 bxc6 13. Ne2 Rb8 14. g4 Qc7 15. Ng3 Rfd8 16. b3 a5 17. a4 Nd7 18. Bd2 Nf8 19. Qe1 Ra8 20. Ne2 f6 21. h4 f5 22. gxf5 exf5 23. e5 Re8 24. Qg3 Ra6 25. h5 Bd8 26. Bf3 Qf7 27. Kh3 Kh8 28. Rg1 Ne6 29. Rg2 Be7 30. Rag1 Bf8 31. Qe1 Qa7 32. Qh4 Re7 33. Kh2 Nc7 34. Rg3 Ne6 35. Bg2 Qd7 36. Bh3 Nd8 37. R3g2 Rf7 38. Rf1 Ne6 39. Ng1 Ra7 40. Qe1 Qd8 41. Nf3 Be7 42. Rfg1 Rf8 43. Rg6 Bxg6 44. Rxg6 Qd7 45. Qg1 Rf7 46. Qg3 Nf8 47. Nh4 Nxg6 48. hxg6 Rf8 49. Nxf5 Rxf5 50. Qg4 Qd8 51. Qxf5 Rb7 52. Qe4 Rc7 53. Qf3 Rb7 54. Qg4 Rb6 55. f5 Rb8 56. Be1 Bf6 57. exf6 Qxf6 58. Bg3 Qf8 59. Bg2 Rc8 60. Be4 Re8 61. Bh4 Qd6+ 62. Kh3 Qe5 63. Qh5 Qd6 64. f6 Qe5 65. fxg7+ Kxg7 66. Qxe5+ Rxe5 67. Bg3 Rh5+ 68. Kg4 Rg5+ 69. Kf3 h5 70. Bf4 Rg1 71. Bd6 h4 72. Bxc5 h3 73. Bxd4+ Kh6 74. Be3+ 1-0

[Event "January 9 Early 2024"]
[Site "https://www.chess.com"]
[Date "2024.01.11"]
[Round "7"]
[White "Kubicka, Anna"]
[Black "Sieciechowicz, Marcin"]
[Result "0-1"]
[Board "250"]
[TimeControl "180+1"]
[WhiteFideId "1152254"]
[BlackFideId "1130170"]
[WhiteElo "2456"]
[BlackElo "2676"]
[WhiteTeam "POL"]
[BlackTeam "POL"]
[WhiteClock "0:00:02"]
[BlackClock "0:00:04"]

1. e4 e6 2. d4 d5 3. Nd2 Nf6 4. e5 Nfd7 5. Bd3 c5 6. c3 b6 7. a4 Ba6 8. Bb5 Bxb5 9. axb5 Be7 10. Ngf3 a5 11. O-O O-O 12. Qe2 Re8 13. c4 Nf8 14. Rd1 Nbd7 15. Nb3 a4 16. Nbd2 Qc7 17. Nf1 cxd4 18. Nxd4 Qxe5 19. Qf3 Qe4 20. Qxe4 dxe4 21. Nc6 Nc5 22. Be3 Nb3 23. Nxe7+ Rxe7 24. Ra3 Nd7 25. Nd2 Nbc5 26. b4 Nd3 27. Nxe4 Nxb4 28. Rda1 Nc2 29. Rxa4 Rxa4 30. Rxa4 Nxe3 31. fxe3 f5 32. Ra8+ Nf8 33. Nd6 Rd7 34. Nc8 Rd8 35. Nxb6 Rxa8 36. Nxa8 Nd7 37. b6 Kf7 38. b7 Ke7 39. c5 Nb8 40. Nb6 Kd8 41. Nc8 Kc7 42. Nd6 Kc6 43. Ne8 g6 44. Ng7 e5 45. Ne8 Kxb7 46. Nf6 h5 47. Ng8 Nc6 48. Kf2 Ka6 49. Kf3 Kb5 50. e4 f4 51. Nf6 Kxc5 52. g3 Nd4+ 53. Kg2 Kd6 54. Ne8+ Ke6 55. Nc7+ Kd7 56. Nd5 Ke6 57. Nc7+ Kf7 58. Nd5 g5 59. Nc3 g4 60. gxf4 exf4 61. Nd5 Ne6 62. h3 Kg6 63. hxg4 hxg4 64. e5 Kf5 65. Nf6 Ng5 66. Kf2 Ne6 67. Kg2 Nc5 68. Kf2 Nd3+ 69. Ke2 Nxe5 70. Nd5 g3 71. Nc3 f3+ 72. Ke3 g2 73. Kf2 Ng4+ 74. Kg1 Kf4 75. Nd5+ Kg3 76. Ne3 f2# 0-1

[Event "January 9 Early 2024"]
[Site "https://www.chess.com"]
[Date "2024.01.11"]
[Round "7"]
[White "Alekseenko, Kirill"]
[Black "Kosteniuk, Alexandra"]
[Result "1-0"]
[Board "251"]
[TimeControl "180+1"]
[WhiteFideId "4135539"]
[BlackFideId "4128125"]
[WhiteElo "2929"]
[BlackElo "2756"]
[WhiteTeam "AUT"]
[BlackTeam "SUI"]
[WhiteClock "0:00:04"]
[BlackClock "0:00:03"]

1. e4 e5 2. Nf3 Nf6 3. Nxe5 d6 4. Nf3 Nxe4 5. Nc3 Nxc3 6. dxc3 Be7 7. Bd3 Nd7 8. Be3 Nf6 9. h3 c5 10. Qe2 Bd7 11. c4 O-O 12. O-O Bc6 13. Rad1 Re8 14. Rfe1 Bf8 15. Nh2 Qb6 16. b3 Ne4 17. Bxe4 Rxe4 18. Nf1 Rae8 19. Ng3 R4e6 20. Qd2 g6 21. a4 h5 22. Ne2 Re4 23. Nc3 R4e6 24. Nd5 Bxd5 25. Qxd5 Bg7 26. Bd2 Bd4 27. Rxe6 Rxe6 28. Re1 Rxe1+ 29. Bxe1 Qc7 30. Kf1 Qe7 31. Bd2 Kg7 32. Qf3 b6 33. g4 hxg4 34. hxg4 Qe6 35. Kg2 Bf6 36. Bf4 Bd4 37. Kf1 Bf6 38. Be3 Be5 39. Ke2 Bd4 40. Kd3 Bxe3 41. fxe3 g5 42. Ke2 Qg6 43. Kd2 Qe6 44. Ke1 Qe5 45. Kd2 Qe6 46. Qg3 d5 47. cxd5 Qxd5+ 48. Kc1 Qe4 49. Kb2 a6 50. Qd6 Qxe3 51. Qxb6 Qd4+ 52. Kb1 Qd1+ 53. Kb2 Qd4+ 54. Ka2 Qc3 55. Kb1 Qe1+ 56. Kb2 Qe5+ 57. c3 Qe2+ 58. Ka3 Qxg4 59. Qxc5 Qf4 60. b4 g4 61. b5 axb5 62. axb5 g3 63. b6 g2 64. b7 Qb8 65. Qg5+ Kf8 66. Qxg2 Qa7+ 67. Kb2 Qb6+ 68. Kc2 Qb5 69. Qe4 Qb6 70. Qb4+ 1-0

[Event "January 9 Early 2024"]
[Site "https://www.chess.com"]
[Date "2024.01.11"]
[Round "7"]
[White "Llari, Marc"]
[Black "Kanyamarala, Tarun"]
[Result "1-0"]
[Board "252"]
[TimeControl "180+1"]
[WhiteFideId "651044269"]
[BlackFideId "45004714"]
[WhiteElo "2340"]
[BlackElo "2506"]
[WhiteTeam "FRA"]
[BlackTeam "IRL"]
[WhiteClock "0:00:16"]
[BlackClock "0:00:01"]

1. d4 Nf6 2. Nf3 b6 3. c4 Bb7 4. Nc3 e6 5. Bd2 Be7 6. g3 Ne4 7. Nxe4 Bxe4 8. Bg2 O-O 9. O-O c5 10. Bc3 d6 11. b3 Nc6 12. Nd2 Bxg2 13. Kxg2 cxd4 14. Bb2 d5 15. Nf3 e5 16. e3 dxc4 17. exd4 exd4 18. Nxd4 Bf6 19. Nxc6 Qxd1 20. Raxd1 Bxb2 21. bxc4 Rfc8 22. Ne7+ Kf8 23. Nxc8 Rxc8 24. Rd2 Bc3 25. Rc2 Bd4 26. Rd1 Bc5 27. Rd7 a5 28. a4 Re8 29. Kf3 Re6 30. h4 g6 31. Re2 Rf6+ 32. Kg2 h5 33. f4 Rc6 34. Kf3 Kg7 35. Ke4 Bf8 36. Kd3 Rc5 37. Re5 Rc6 38. Kd4 Kg8 39. Re8 Kg7 40. Rdd8 Bb4 41. Rd7 Kf6 42. Rb8 Kf5 43. Rxf7+ Kg4 44. f5 gxf5 45. Rg8+ Kh3 46. Rxf5 Bd6 47. Rxh5 Bxg3 48. Rhg5 Bf2+ 49. Kd3 Bxh4 50. Rg1 Kh2 51. R8g2+ Kh3 52. Re2 Rd6+ 53. Kc3 Bf6+ 54. Kc2 Rd4 55. Re3+ Kh4 56. Kb3 Rf4 57. Rd3 Bd4 58. Rg8 Re4 59. Rd8 Bc5 60. R8d5 Kg4 61. Kc3 Re1 62. Rd1 Re2 63. Rb1 Ra2 64. Rd7 Ra3+ 65. Rb3 Rxa4 66. Rg7+ Kf5 67. Rb1 Ra3+ 68. Kc2 Bd4 69. Rf1+ Ke6 70. Rg6+ Ke7 71. Rh1 Rc3+ 72. Kd2 Rxc4 73. Kd3 Rb4 74. Rh7+ Kf8 75. Rc6 Kg8 76. Rd7 Bg7 77. Rg6 Rb3+ 78. Kc4 Rb4+ 79. Kd3 1-0

[Event "January 9 Early 2024"]
[Site "https://www.chess.com"]
[Date "2024.01.11"]
[Round "7"]
[White "Maksimovic, Bojan"]
[Black "Zhuk, Valeriy"]
[Result "1/2-1/2"]
[Board "253"]
[TimeControl "180+1"]
[WhiteFideId "14408120"]
[BlackFideId "24151254"]
[WhiteElo "2875"]
[BlackElo "2427"]
[WhiteTeam "BIH"]
[BlackTeam "RUS"]
[WhiteClock "0:01:43"]
[BlackClock "0:00:22"]

1. e4 c5 2. Nf3 e6 3. d4 cxd4 4. Nxd4 Nf6 5. Nc3 Nc6 6. Nxc6 bxc6 7. Bd3 Qc7 8. O-O d5 9. Qe2 Bc5 10. Na4 dxe4 11. Nxc5 exd3 12. Nxd3 Ba6 13. Rd1 O-O 14. Bg5 Nd5 15. Qe5 Qxe5 16. Nxe5 f6 17. c4 Nb6 18. Nxc6 fxg5 19. b3 Bb7 20. Ne5 Rac8 21. f3 Rfd8 22. Kf2 Kf8 23. Ke3 Ke7 24. a4 a5 25. Rxd8 Rxd8 26. Rh1 Nd7 27. Nd3 Rc8 28. h4 gxh4 29. Rxh4 h6 30. Rh5 Ra8 31. Kd4 Bc6 32. Kc3 Kd6 33. Rh4 e5 34. Rg4 g5 35. Rg3 Nc5 36. Rh3 Nxd3 37. Rxh6+ Kc5 38. Kxd3 Rb8 39. Kc3 Rg8 40. Re6 g4 41. Rxe5+ Kb6 42. b4 axb4+ 43. Kxb4 gxf3 44. a5+ Kc7 45. gxf3 Bxf3 46. Re7+ Kd6 47. Rf7 Rb8+ 48. Kc3 Bc6 49. Rf6+ Kc5 50. Rf5+ Kd6 51. Kd4 Rb1 52. Rf6+ Kc7 53. Kc5 Bd7 54. a6 Ra1 55. Rh6 Ra5+ 56. Kb4 Ra1 57. Rg6 Rb1+ 58. Kc5 Ra1 59. Rf6 Ra5+ 60. Kb4 Ra1 61. c5 Bc8 62. Kb5 Rb1+ 63. Kc4 Ra1 64. Rf7+ Bd7 65. Rf6 Bc8 66. Kd5 Rxa6 67. Rf7+ Kb8 68. c6 Ra1 69. Rg7 Rd1+ 70. Kc5 Rc1+ 71. Kb6 Rb1+ 72. Kc5 Rc1+ 73. Kd6 Rd1+ 74. Ke5 Ba6 75. Ke6 Bb5 76. Rb7+ Kc8 77. Rxb5 Re1+ 78. Kd6 Rd1+ 79. Kc5 Rc1+ 80. Kb6 Rc2 81. Rb4 Rc1 82. Rb3 Rc2 83. Rb1 Rc3 84. Rb2 Rc1 85. Rb3 Rc2 86. Rb5 Rc1 87. c7 Rxc7 88. Rh5 Rb7+ 89. Kc6 Rc7+ 90. Kd6 Rd7+ 91. Ke6 Rd4 92. Rc5+ Kb7 93. Ke5 Rd1 94. Rb5+ Kc6 95. Rb2 Rd5+ 96. Ke4 Rd7 97. Rh2 Rd6 98. Ke5 Rd7 99. Rc2+ Kb5 100. Ke6 Rd3 101. Rb2+ Kc4 102. Ke5 Rb3 103. Rc2+ Rc3 104. Ra2 Kb3 105. Ra1 Rd3 106. Ke4 Rd8 107. Ra7 Kc2 108. Rc7+ Kb3 109. Rc6 Kb4 110. Ke5 Kb5 111. Rc1 Kb4 112. Ke6 Kb3 113. Rc7 Rd1 114. Rb7+ Kc4 115. Ke5 Kc5 116. Rc7+ Kb6 117. Rc2 Kb7 118. Ke4 Kb6 119. Ke3 Rd8 120. Rc3 Kb5 121. Ke2 Kb4 122. Rd3 Rxd3 123. Kxd3 1/2-1/2